Map: Ley Lines

Players

Vaisravana - Winner!

  • Race: Terran Terran
  • Spawn Location: 1:00

frugs

  • Race: Zerg Zerg
  • League: Master
  • Spawn Location: 7:00

VOD

Have the link to the VOD?

Description

Time

  • Played on: Aug. 29, 2025, 5:29 p.m.
  • Length: 11:37
Show
View Real Time Build Order
Export as new Build Order

Vaisravana Terran - Winner!

Build Orders:  

Get SALT Encoding   

  12  0:00  SCV  
  13  0:12  SCV  
  14  0:17  Supply Depot  
  14  0:24  SCV  
  15  0:39  SCV  
  15  0:41  Barracks  
  16  0:43  Refinery  
  16  0:51  SCV  
  17  0:59  Barracks  
  17  1:04  SCV  
  18  1:16  SCV  
  19  1:27  Reaper  
  19  1:28  Orbital Command  
  20  1:33  Supply Depot  
  20  1:46  Reaper  
  21  1:53  SCV  
  22  2:03  Reaper  
  22  2:05  SCV  
  24  2:12  Command Center  
  24  2:18  SCV  
  24  2:21  Reaper  
  26  2:30  SCV  
  27  2:42  SCV  
  28  2:44  Command Center  
  28  2:50  Refinery  
  28  3:18  Barracks Reactor  
  28  3:20  SCV  
  28  3:22  Factory  
  28  3:26  Barracks Tech Lab  
  29  3:27  Orbital Command  
  29  3:32  SCV  
  29  3:44  SCV  
  29  3:46  Stimpack, Marine  
  31  3:56  SCV  
  32  4:06  SCV  
  32  4:07  Orbital Command  
  32  4:09  SCV, Marine x3  
  36  4:20  Factory Reactor, SCV, Starport  
  36  4:21  SCV  
  37  4:28  Marine x3  
  39  4:33  SCV x2  
  39  4:36  SCV  
  42  4:41  Supply Depot  
  42  4:45  SCV x2  
  44  4:46  Marine  
  44  4:47  Marine x2  
  44  4:48  SCV  
  48  4:57  SCV x2  
  50  5:00  SCV  
  50  5:02  Refinery x2  
  50  5:05  Medivac x2  
  50  5:07  Supply Depot  
  55  5:08  Factory Tech Lab  
  55  5:10  Engineering Bay, SCV x2  
  55  5:11  Engineering Bay, Marine  
  55  5:12  Marine  
  55  5:13  Marine  
  60  5:19  SCV  
  61  5:22  SCV  
  61  5:23  SCV  
  61  5:27  Siege Tank  
  66  5:28  Combat Shield, Marine  
  66  5:30  Marine  
  66  5:31  SCV  
  66  5:33  Marine  
  70  5:46  Barracks, Marine  
  70  5:47  Barracks, SCV x3, Marine  
  70  5:48  Barracks  
  75  5:51  Terran Infantry Weapons Level 1  
  75  5:52  Terran Infantry Armor Level 1  
  74  6:07  Marine x2  
  74  6:08  Marine  
  74  6:09  Medivac  
  77  6:19  SCV  
  77  6:24  SCV  
  77  6:31  Orbital Command  
  77  6:33  Siege Tank, Medivac, Supply Depot, Marine x3  
  77  6:34  Supply Depot  
  85  6:44  Barracks Reactor x2  
  85  6:45  Barracks Reactor  
  85  6:54  SCV x2, Marine x2  
  89  7:07  Marine  
  89  7:08  Siege Tank, Medivac x2  
  92  7:11  SCV x3  
  92  7:12  Marine x2  
  92  7:14  Supply Depot  
  92  7:15  Supply Depot  
  101  7:24  Marine  
  101  7:25  Marine  
  101  7:28  Marine  
  101  7:29  Marine  
  101  7:30  Marine x2  
  100  7:38  Marine x3  
  100  7:39  Medivac x2  
  100  7:40  Siege Tank  
  100  7:42  Marine  
  100  7:43  Armory  
  111  7:46  Supply Depot x2, SCV x3  
  114  7:53  Supply Depot  
  114  7:58  SCV  
  115  8:05  Marauder  
  117  8:07  SCV x2, Marine x8  
  127  8:25  SCV x3, Marine  
  131  8:27  Command Center  
  131  8:38  Marauder, Marine x4  
  102  8:50  Marine x3  
  102  8:51  Siege Tank, Medivac x2  
  102  8:52  SCV x3  
  102  8:54  Terran Infantry Armor Level 2, Terran Infantry Weapons Level 2  
  107  9:00  Marauder  
  106  9:04  SCV x2  
  106  9:08  SCV  
  109  9:10  Marine x5  
  109  9:11  Marine x3  
  109  9:16  SCV  
  117  9:21  Marauder  
  117  9:23  Barracks  
  117  9:24  Barracks  
  114  9:28  Siege Tank, Medivac, Marine x2  
  114  9:29  Medivac  
  114  9:31  SCV x3  
  124  9:38  Marine x3  
  124  9:39  Marine x2  
  124  9:42  Marauder  
  125  9:50  Marine  
  125  9:51  SCV, Marine x2  
  125  9:52  SCV x2  
  122  9:56  Marine x3  
  122  9:58  Refinery  
  119  10:00  Refinery  
  119  10:04  Marauder  
  117  10:07  SCV x3  
  117  10:08  Marine x2  
  116  10:14  Barracks Tech Lab x2  
  116  10:19  SCV x3  
  114  10:25  Marauder  
  115  10:31  SCV  
  115  10:33  Marauder x2, Marine x5  
  115  10:34  Marine x3  
  123  10:36  SCV  
  123  10:37  SCV  
  123  10:41  Siege Tank  
  124  10:43  SCV  
  124  10:46  Marine  
  127  10:50  SCV x2  
  127  10:55  SCV, Marine  
  127  10:56  Marauder x2, Marine x7  
  141  11:02  Medivac x2  
  145  11:14  SCV x2  
  145  11:15  SCV  
Show
View Real Time Build Order
Export as new Build Order

frugs Zerg 

Build Orders: Hatch First 

Get SALT Encoding   

  12  0:00  Drone  
  13  0:08  Drone  
  13  0:13  Extractor  
  13  0:15  Drone  
  15  0:34  Hatchery  
  14  0:39  Extractor  
  14  0:40  Drone  
  15  0:46  Overlord  
  15  1:00  Spawning Pool  
  14  1:04  Drone  
  14  1:08  Drone  
  16  1:12  Drone  
  16  1:16  Drone  
  18  1:26  Drone  
  19  1:44  Drone  
  20  1:47  Queen x2  
  20  1:49  Drone  
  20  1:51  Drone  
  26  1:58  Overlord  
  26  2:11  Hatchery  
  25  2:16  Drone  
  25  2:17  Drone  
  27  2:25  Queen  
  29  2:31  Overlord  
  29  2:38  Queen  
  29  2:41  Zergling x2  
  29  2:44  Zergling x2  
  33  2:46  Zergling x2  
  34  3:00  Drone  
  34  3:01  Drone x2  
  34  3:03  Extractor  
  36  3:12  Drone x2  
  38  3:14  Zergling x2  
  38  3:19  Queen  
  41  3:20  Overlord  
  41  3:27  Drone x3  
  44  3:35  Drone x2  
  44  3:36  Drone  
  44  3:40  Queen  
  49  3:47  Extractor  
  47  3:49  Overlord  
  47  3:50  Drone  
  47  3:51  Drone x4  
  51  4:06  Drone x3  
  51  4:09  Drone x3  
  54  4:20  Drone x3  
  54  4:22  Spore Crawler  
  55  4:30  Roach Warren  
  55  4:32  Drone x3  
  55  4:37  Extractor  
  59  4:38  Drone x2  
  59  4:39  Drone x2  
  59  4:40  Overlord  
  59  4:44  Drone  
  62  4:51  Drone x2  
  64  4:57  Lair  
  64  4:58  Drone  
  65  5:00  Drone  
  65  5:02  Drone x4  
  70  5:13  Roach x2  
  70  5:14  Overlord x2  
  74  5:20  Overlord  
  74  5:23  Overlord  
  74  5:29  Hatchery  
  74  5:33  Drone, Overlord  
  74  5:34  Drone x6  
  80  5:39  Extractor x2  
  80  5:40  Extractor, Overlord  
  80  5:41  Roach x6  
  80  5:42  Roach  
  90  5:48  Roach, Evolution Chamber  
  90  5:49  Evolution Chamber  
  90  5:52  Roach  
  92  5:59  Roach x5  
  92  6:00  Glial Reconstitution  
  100  6:08  Roach x5  
  96  6:28  Drone x6  
  96  6:29  Roach x3  
  108  6:32  Zerg Ground Armor Level 1  
  108  6:34  Zerg Missile Weapons Level 1  
  108  6:41  Overlord  
  108  6:42  Drone x3  
  108  6:44  Overlord x2, Queen  
  113  6:49  Queen  
  112  7:09  Queen  
  112  7:10  Overlord  
  112  7:12  Roach x12  
  138  7:19  Roach x2  
  138  7:20  Roach  
  138  7:33  Hatchery, Ravager  
  138  7:34  Roach, Ravager x6  
  144  7:40  Overlord  
  144  7:41  Overlord  
  144  7:48  Roach  
  144  7:49  Overlord x3  
  146  7:55  Overseer  
  146  7:58  Ravager  
  146  7:59  Overlord x2  
  146  8:00  Roach x2  
  146  8:04  Overlord  
  151  8:06  Ravager x2  
  151  8:07  Roach x2  
  157  8:14  Roach x3  
  157  8:16  Roach  
  157  8:17  Ravager  
  166  8:22  Roach  
  166  8:23  Roach x2  
  172  8:33  Roach x6  
  151  8:43  Roach x5  
  139  8:51  Roach  
  139  8:55  Roach x4  
  128  8:59  Roach  
  123  9:03  Roach  
  123  9:06  Roach  
  123  9:07  Roach  
  126  9:20  Roach  
  126  9:21  Roach x4  
  126  9:23  Roach  
  128  9:24  Ravager x2  
  128  9:26  Roach  
  128  9:29  Roach  
  128  9:31  Ravager x2  
  136  9:33  Roach  
  136  9:34  Roach  
  136  9:40  Roach x3  
  136  9:43  Roach  
  136  9:44  Roach  
  140  9:49  Roach x2  
  122  9:55  Roach x3  
  122  9:59  Roach x2  
  109  10:15  Roach x7  
  109  10:17  Ravager  
  109  10:19  Roach x2  
  115  10:24  Roach  
  115  10:27  Roach x2  
  113  10:31  Roach x2  
  113  10:33  Roach  
  113  10:38  Roach x2  
  103  10:46  Roach x3, Ravager x2  
  103  10:48  Roach  
  103  10:49  Ravager x2  
  115  10:54  Drone x4  
  119  11:01  Roach x3  
  125  11:07  Ravager x4  
Tags
 
League
Master
Matchup
TvZ
Spawn Locations
Cross Positions
Add a new tag
Caveats
  • Supply blocks, unpowered buildings, or Contaminate may cause inaccurate times.
  • Supply counts are checked every 10 seconds.